Map: Odyssey LE

Players

Ziggy

  • Race: Terran Terran
  • Spawn Location: 11:00

BAILS - Winner!

  • Race: Protoss Protoss
  • Spawn Location: 5:00

Event: WCS Montreal 2017

VOD

Have the link to the VOD?

Description

Time

  • Played on: Sept. 8, 2017, 11:47 a.m.
  • Length: 10:53

All games in this series

Show
View Real Time Build Order
Export as new Build Order

Ziggy Terran 

Build Orders: Cyclone Opening, Gas First Reaper Expand, Reaper Expand, MMM Bio 

Get SALT Encoding   

  12  0:03  SCV  
  13  0:15  SCV  
  13  0:20  Supply Depot  
  14  0:27  SCV  
  15  0:31  Refinery  
  15  0:41  SCV  
  16  0:45  Barracks  
  16  0:53  SCV  
  17  1:05  SCV  
  18  1:17  SCV  
  19  1:34  Orbital Command, Reaper  
  20  1:44  Command Center  
  20  1:59  Factory  
  20  2:01  SCV  
  21  2:10  Barracks Reactor  
  21  2:13  SCV  
  21  2:14  Supply Depot  
  22  2:25  SCV  
  23  2:37  SCV  
  24  2:47  Cyclone, Marine x2  
  24  2:49  SCV  
  30  2:56  Orbital Command  
  30  3:01  SCV  
  30  3:04  Marine x2  
  33  3:14  Command Center, SCV  
  34  3:21  Widow Mine  
  34  3:22  Marine x2  
  34  3:24  SCV  
  39  3:29  SCV  
  40  3:40  Marine x2  
  42  3:44  SCV x2  
  42  3:47  Starport, Refinery  
  44  3:56  SCV x2  
  44  4:02  Supply Depot  
  46  4:03  Factory Tech Lab  
  46  4:08  Barracks  
  46  4:11  Barracks  
  46  4:15  Refinery  
  46  4:18  Refinery  
  46  4:20  Engineering Bay  
  46  4:23  SCV x2  
  48  4:27  Orbital Command  
  48  4:31  Stimpack  
  48  4:35  SCV  
  48  4:36  SCV  
  50  4:40  Factory Tech Lab, Starport Reactor  
  50  4:45  Marine  
  51  4:47  SCV  
  51  4:48  Terran Infantry Weapons Level 1  
  51  4:51  SCV  
  53  4:54  SCV  
  53  4:59  SCV  
  55  5:01  Siege Tank, Barracks Tech Lab  
  55  5:03  Marine  
  55  5:05  SCV  
  55  5:06  SCV  
  61  5:11  Supply Depot  
  61  5:14  Marine x2  
  61  5:19  Medivac  
  61  5:21  Medivac, Marauder  
  69  5:25  Orbital Command  
  69  5:31  Supply Depot  
  69  5:32  Supply Depot  
  69  5:33  SCV  
  70  5:36  Barracks  
  70  5:37  Barracks  
  70  5:39  Siege Tank  
  73  5:43  SCV  
  73  5:45  SCV  
  73  5:48  Marauder  
  77  5:53  Medivac, Marauder  
  77  5:55  SCV  
  77  5:56  SCV  
  83  5:57  SCV  
  83  5:59  Marine x2  
  83  6:02  Combat Shields  
  86  6:08  SCV x2  
  86  6:10  Marauder  
  90  6:11  Supply Depot  
  90  6:17  Siege Tank  
  93  6:24  SCV  
  93  6:27  Armory, Barracks Tech Lab x2  
  93  6:32  Engineering Bay  
  93  6:33  SCV x2  
  93  6:35  Supply Depot  
  93  6:36  SCV  
  93  6:38  Refinery  
  94  6:40  Refinery  
  94  6:41  Marauder  
  94  6:42  Marauder  
  98  6:48  SCV x2  
  100  6:57  Supply Depot, Marauder x2  
  100  6:58  SCV  
  100  6:59  Supply Depot  
  100  7:00  SCV x2  
  107  7:01  Supply Depot  
  107  7:09  Marauder  
  107  7:12  Terran Infantry Armor Level 1  
  109  7:18  Medivac x2, SCV x2  
  109  7:19  Marauder  
  109  7:20  Terran Infantry Weapons Level 2  
  109  7:21  SCV, Marauder  
  120  7:23  Marauder  
  120  7:24  Supply Depot  
  120  7:25  Supply Depot  
  122  7:31  Barracks x2  
  122  7:35  Marine, Marauder  
  125  7:40  Marauder  
  125  7:42  Marauder  
  129  7:48  Medivac x2  
  131  7:51  Marine x2  
  131  7:53  Marine  
  131  7:54  Starport  
  131  7:56  Marine  
  131  8:01  Marine  
  131  8:04  Marauder  
  134  8:08  SCV x3  
  134  8:09  Marine x2  
  134  8:11  Marine  
  140  8:13  Liberator x2, Supply Depot  
  140  8:14  Marauder  
  140  8:19  Marine  
  145  8:20  Barracks Reactor  
  145  8:21  Barracks Reactor  
  145  8:24  Marine  
  145  8:25  Siege Tank  
  147  8:27  Marine  
  147  8:29  Supply Depot  
  147  8:30  Marauder  
  147  8:32  Supply Depot  
  156  8:34  Starport Reactor  
  156  8:36  Marine, Marauder  
  156  8:37  Marine  
  160  8:42  Marine  
  161  8:52  Marauder  
  161  8:55  Marauder  
  165  8:57  Marine x2, Marauder  
  165  8:59  Liberator  
  165  9:01  Marauder  
  165  9:02  Liberator  
  171  9:09  Liberator  
  171  9:13  Marine, Marauder  
  171  9:14  Command Center  
  171  9:16  Marauder  
  179  9:23  Missile Turret  
  179  9:24  Marine x2, Missile Turret  
  179  9:28  SCV  
  181  9:35  SCV x2  
  183  9:42  Missile Turret  
  183  9:44  Missile Turret  
  183  9:45  Marine  
  183  9:46  Marine  
  183  9:47  Supply Depot  
  183  9:49  Supply Depot  
  183  9:52  Liberator x2  
  178  10:00  Marine  
  178  10:01  Marauder  
  155  10:11  Marine x3  
  155  10:12  Marauder  
  156  10:22  Marine, Marauder x3  
Show
View Real Time Build Order
Export as new Build Order

BAILS Protoss - Winner!

Build Orders: 1 Gate Expand, Colossus Rush 

Get SALT Encoding   

  12  0:03  Probe (Chrono Boost)  
  13  0:14  Probe (Chrono Boost)  
  14  0:18  Pylon  
  14  0:24  Probe (Chrono Boost)  
  15  0:36  Probe (Chrono Boost)  
  15  0:37  Gateway  
  16  0:47  Probe (Chrono Boost)  
  16  0:48  Assimilator  
  17  0:57  Probe (Chrono Boost)  
  18  1:08  Probe (Chrono Boost)  
  20  1:18  Probe (Chrono Boost)  
  20  1:26  Nexus  
  20  1:37  Cybernetics Core  
  20  1:40  Probe (Chrono Boost)  
  20  1:45  Assimilator  
  21  1:50  Probe (Chrono Boost)  
  22  1:55  Pylon  
  23  2:01  Probe (Chrono Boost)  
  23  2:10  Warp Gate  
  23  2:13  Adept  
  23  2:14  Mothership Core (Chrono Boost)  
  27  2:32  Probe (Chrono Boost)  
  27  2:33  Robotics Facility  
  28  2:38  Probe (Chrono Boost)  
  28  2:43  Adept  
  31  2:46  Probe (Chrono Boost)  
  31  2:50  Probe (Chrono Boost)  
  33  2:57  Probe (Chrono Boost)  
  34  3:00  Probe (Chrono Boost)  
  35  3:07  Probe (Chrono Boost)  
  35  3:10  Adept  
  38  3:16  Gateway  
  38  3:21  Gateway  
  38  3:22  Observer (Chrono Boost)  
  38  3:25  Probe  
  38  3:27  Probe  
  41  3:37  Probe  
  41  3:39  Probe (Chrono Boost)  
  43  3:43  Observer (Chrono Boost)  
  43  3:46  Pylon  
  44  3:50  Probe (Chrono Boost)  
  44  3:51  Probe (Chrono Boost)  
  46  3:55  Assimilator  
  46  3:58  Assimilator  
  46  4:04  Probe (Chrono Boost), Pylon  
  46  4:06  Probe (Chrono Boost)  
  48  4:10  Immortal (Chrono Boost)  
  48  4:15  Probe (Chrono Boost)  
  53  4:19  Pylon  
  53  4:21  Probe (Chrono Boost)  
  54  4:25  Probe (Chrono Boost)  
  54  4:26  Robotics Bay  
  54  4:28  Sentry  
  57  4:31  Probe  
  57  4:35  Probe, Pylon  
  59  4:43  Stalker  
  61  4:48  Probe, Twilight Council  
  61  4:50  Probe  
  63  4:55  Pylon  
  63  5:09  Stalker, Colossus (Chrono Boost)  
  71  5:24  Extended Thermal Lance (Chrono Boost)  
  71  5:42  Probe  
  71  5:49  Blink (Chrono Boost)  
  71  5:53  Colossus  
  71  5:54  Probe  
  72  5:58  Probe  
  72  6:00  Nexus  
  79  6:06  Pylon  
  79  6:09  Probe  
  80  6:13  Forge, Gateway  
  80  6:16  Gateway  
  80  6:17  Adept  
  80  6:18  Probe  
  83  6:19  Gateway  
  83  6:21  Probe  
  84  6:30  Probe  
  84  6:32  Pylon  
  85  6:33  Probe, Sentry, Stalker  
  90  6:41  Protoss Ground Weapons Level 1 (Chrono Boost)  
  90  6:42  Probe  
  90  6:43  Stalker  
  93  6:49  Warp Prism  
  93  6:54  Probe  
  96  7:03  Pylon  
  96  7:05  Probe  
  96  7:06  Probe, Pylon  
  98  7:09  Stalker x2  
  98  7:13  Probe  
  98  7:14  Sentry x3  
  109  7:17  Probe  
  109  7:18  Probe  
  109  7:22  Pylon  
  111  7:24  Probe, Pylon  
  111  7:29  Probe  
  113  7:30  Colossus (Chrono Boost)  
  113  7:34  Probe x2  
  119  7:42  Resonating Glaives (Chrono Boost)  
  119  7:51  Adept  
  119  7:52  Adept x3  
  127  7:58  Stalker x2  
  127  8:02  Assimilator  
  131  8:07  Probe, Assimilator  
  131  8:08  Pylon  
  132  8:13  Probe  
  132  8:14  Probe  
  132  8:17  Disruptor (Chrono Boost)  
  137  8:20  Protoss Ground Armor Level 1  
  137  8:23  Pylon  
  137  8:25  Adept x2  
  141  8:29  Adept x2  
  141  8:30  Adept x2  
  149  8:50  Disruptor (Chrono Boost)  
  152  9:03  Pylon  
  152  9:04  Adept x2  
  152  9:05  Pylon  
  152  9:07  Pylon  
  152  9:08  Pylon  
  155  9:14  Dark Shrine  
  155  9:24  Disruptor (Chrono Boost)  
  155  9:26  Stalker x4  
  162  9:38  Gateway  
  162  9:39  Gateway  
  162  9:41  Nexus, Stalker x2  
  162  9:43  Pylon  
  162  9:44  Robotics Facility  
  166  9:49  Adept x2  
  170  9:53  Photon Cannon  
  170  9:58  Disruptor (Chrono Boost)  
  167  10:28  Adept x4  
  158  10:47  Stalker x2  
  158  10:48  Stalker x3  
  158  10:49  Stalker  
Tags
 
Add a new tag
Caveats
  • Supply blocks, unpowered buildings, or Contaminate may cause inaccurate times.
  • Supply counts are checked every 10 seconds.